 Dungeon Crawl Stone Soup version 0.14-a0-852-g0ba292f (webtiles) character file.

182 PolkaDot the Ruinous (level 4, 0/30 HPs)
             Began as a Vampire Conjurer on Nov 15, 2013.
             Succumbed to an orc wizard's poison
             ... on Level 3 of the Dungeon.
             The game lasted 00:05:45 (1745 turns).

PolkaDot the Ruinous (Vampire Conjurer)             Turns: 1745, Time: 00:05:46

HP   0/30        AC  2     Str  7      XL: 4   Next: 60%
MP   0/8         EV 12     Int 18      God:
Gold 73          SH  0     Dex 14      Spells:  2 memorised,  2 levels left

Res.Fire  : . . .   See Invis. : +   m - +2,+1 dwarf dagger (vamp)
Res.Cold  : . . .   Warding    : .   a - +0 robe
Life Prot.: . . .   Conserve   : .   (no shield)
Res.Poison: .       Res.Corr.  : .   (no helmet)
Res.Elec. : .       Clarity    : .   (no cloak)
Sust.Abil.: . .     Spirit.Shd : .   (no gloves)
Res.Mut.  : .       Stasis     : .   (no boots)
Res.Rott. : .       Flight     : .   (no amulet)
Saprovore : . . .                    (no ring)
                                     (no ring)

@: regenerating quickly, very poisoned, very slightly contaminated, hasted, very
quick, slightly resistant to hostile enchantments, stealthy
A: fangs 3, see invisible, unbreathing
a: no special abilities


You were on level 3 of the Dungeon.
You were very full.

You visited 1 branch of the dungeon, and saw 3 of its levels.

You collected 73 gold pieces.

Inventory:

Hand weapons
 m - a +2,+1 dwarven vampiric dagger (weapon)
Armour
 a - a +0 robe (worn)
Scrolls
 h - a scroll of enchant weapon II {unknown}
 i - a scroll of random uselessness {unknown}
 k - 2 scrolls of recharging {unknown}
 l - a scroll of identify {unknown}
 q - a scroll of curse weapon {unknown}
Potions
 e - a potion of heal wounds
 f - a potion of speed
 g - a potion of agility {unknown}
 j - a potion of resistance {unknown}
 n - a potion of flight {unknown}
 o - a potion of paralysis {unknown}
 p - a potion of invisibility {unknown}
 r - 2 potions of curing {unknown}
Books
 c - a book of Conjurations

   Spells                             Type                      Level
   *Magic Dart                        Conjuration                  1
   *Searing Ray                       Conjuration                  2
   Dazzling Spray                     Conjuration/Hexes            3
   Iskenderun's Mystic Blast          Conjuration                  4
   Iskenderun's Battlesphere          Conjuration/Charms           4
   Fulminant Prism                    Conjuration/Hexes            5


   Skills:
 - Level 2.1 Dodging
 - Level 3.0 Stealth
 - Level 1.0 Spellcasting
 * Level 4.5 Conjurations


You had 2 spell levels left.
You knew the following spells:

 Your Spells              Type           Power        Failure   Level  Hunger
a - Magic Dart            Conj           ###.         3%          1    ##.....
s - Searing Ray           Conj           ###...       6%          2    ###....


Dungeon Overview and Level Annotations

Branches:
Dungeon (3/16)

Altars:
Elyvilon


Innate Abilities, Weirdness & Mutations

Your natural rate of healing is unusually fast.
You have razor-sharp teeth.*
You have supernaturally acute eyesight.
You can survive without breathing.*


Message History

You hit the orc but do no damage.
* * * LOW HITPOINT WARNING * * *
You feel very sick. The orc closely misses you.
Casting: Searing Ray
Confirm with . or Enter, or press ? or * to list all spells.
Aiming: Searing Ray
Press: ? - help, Shift-Dir - straight line, f - orc
Aim: an orc wearing an orcish ring mail The searing ray hits the orc.
The orc is almost dead.
* * * LOW HITPOINT WARNING * * *
You feel sick.
The searing ray hits the orc.
The orc is almost dead.
* * * LOW HITPOINT WARNING * * *
You feel sick. The orc closely misses you.
The searing ray hits the orc.
You kill the orc!
You die...

#.....♣._.♣...#
####.........##
##≈..♣..≈##
#≈≈...≈≈# ###...###
#######.#..########
...................#
#######.########.##
#@# #[# #.#
#####.######
#..........#
.#.###.###.####.#
...........#
............#
......##.......


There were no monsters in sight!

Vanquished Creatures
  2 orc wizards (D:3)
  An adder (D:2)
  A worm (D:2)
  2 giant geckos (D:2)
  An ooze (D:1)
  3 orcs (D:3)
  2 giant cockroaches
  7 hobgoblins
  6 jackals (D:2)
  9 kobolds
  A quokka (D:2)
  A ball python (D:1)
  2 bats (D:1)
  5 giant newts
  9 goblins
  3 rats
55 creatures vanquished.

Notes
Turn   | Place    | Note
--------------------------------------------------------------
     0 | D:1      | PolkaDot, the Vampire Conjurer, began the quest for the Orb.
     0 | D:1      | Reached XP level 1. HP: 13/13 MP: 4/4
   348 | D:1      | Reached XP level 2. HP: 14/19 MP: 5/5
   494 | D:1      | Learned a level 2 spell: Searing Ray
   897 | D:2      | Reached XP level 3. HP: 13/24 MP: 6/6
  1196 | D:2      | Reached skill level 4 in Conjurations
  1661 | D:3      | Found a white marble altar of Elyvilon.
  1723 | D:3      | Reached XP level 4. HP: 15/30 MP: 5/8
  1745 | D:3      | Succumbed to an orc wizard's poison

Action                   |  1- 3 |  4- 6 || total
-------------------------+-------+-------++-------
Melee: Short sword       |    51 |       ||    51
       Dagger            |   128 |    12 ||   140
 Cast: Magic Dart        |    20 |       ||    20
       Searing Ray       |     2 |     1 ||     3
  Use: Potion            |     1 |     3 ||     4
 Stab: Sleeping          |     5 |       ||     5
       Confused          |       |     1 ||     1
